 Dungeon Crawl Stone Soup version 0.23-a0-182-g58cdd98 (webtiles) character file.

174 Felrender the Insei (level 5, -1/38 HPs)
             Began as a Demonspawn Transmuter on Sept 21, 2018.
             Slain by a gnoll
             ... wielding a +0 halberd
              (16 damage)
             ... on level 4 of the Dungeon.
             The game lasted 00:07:56 (2343 turns).

Felrender the Insei (Demonspawn Transmuter)         Turns: 2343, Time: 00:07:56

Health: -1/38      AC:  4    Str: 11    XL:     5   Next: 28%
Magic:  8/8        EV: 13    Int: 15    God:
Gold:   216        SH:  0    Dex: 13    Spells: 7/8 levels left

rFire    . . .     SeeInvis .   h - +0 spear
rCold    . . .     Gourm    .   (no shield)
rNeg     . . .     Faith    .   b - +0 robe
rPois    .         Spirit   .   (helmet restricted)
rElec    .         Reflect  .   (no cloak)
rCorr    .         Harm     .   (no gloves)
MR       .....                  (boots currently unavailable)
Stlth    +++.......             (no amulet)
HPRegen  0.12/turn              l - ring of stealth
MPRegen  0.11/turn              e - ring of flight

@: appendage (expiring)
A: horns 1, talons 3, slimy green scales 1, spiny 2
a: End Transformation, Evoke Flight


You were on level 4 of the Dungeon.
You were not hungry.
You had grown temporary talons.
You visited 1 branch of the dungeon, and saw 4 of its levels.

You collected 216 gold pieces.

Inventory:

Hand Weapons
 h - a +0 spear (weapon)
Missiles
 a - 12 arrows
Armour
 b - a +0 robe (worn)
Jewellery
 e - a ring of flight (right hand)
 l - a ring of stealth (left hand)
Wands
 m - a wand of iceblast (8)
Scrolls
 c - a scroll of blinking
 f - 4 scrolls of remove curse
 o - 2 scrolls of magic mapping
Potions
 g - a potion of heal wounds {unknown}
 i - a potion of lignification {unknown}
 k - a potion of cancellation {unknown}
 n - a potion of curing {unknown}
 p - a potion of flight {unknown}
Comestibles
 d - 5 rations


   Skills:
 * Level 2.1 Fighting
   Level 1.7(1.8) Axes
 + Level 0.2(1.1) Polearms
 + Level 2.5 Dodging
 + Level 1.2 Stealth
 * Level 3.5 Unarmed Combat
 + Level 2.2 Spellcasting
 + Level 2.1 Transmutations


You had 7 spell levels left.
You knew the following spells:

 Your Spells              Type           Power        Failure   Level  Hunger
a - Beastly Appendage     Tmut           #.....       9%          1    #......

Your spell library contained the following spells:

 Spells                   Type           Power        Failure   Level  Hunger
 Sticks to Snakes         Tmut           #.......     14%         2    ###....
 Animate Skeleton         Necr           N/A          22%         1    #......
 Apportation              Tloc           #.....       22%         1    #......
 Confusing Touch          Hex            #.....       22%         1    #......
 Summon Small Mammal      Summ           #...         22%         1    #......
 Spider Form              Tmut/Pois      #.........   38%         3    ###....
 Ice Form                 Ice/Tmut       #.......     80%         4    #####..
 Blade Hands              Tmut           #.........   94%         5    ######.


Dungeon Overview and Level Annotations

Branches:
Dungeon (4/15)
 Temple: D:4-7

Altars:


Innate Abilities, Weirdness & Mutations

You have a pair of small horns on your head.
You are partially covered in slimy green scales. (AC +2)
You are mostly covered in sharp spines.
You have claws for feet.


Message History

The gnoll hits you from afar with a spear.
The gnoll misses you. The gnoll closely misses you.
You hit the gnoll.
You kill the gnoll!
The gnoll hits you from afar with a spear.
The gnoll hits you from afar with a halberd.
The gnoll barely misses you.
There is an open door, spattered with blood here.
You see here a club.
The gnoll hits you from afar with a halberd.
The gnoll hits you but does no damage. The gnoll barely misses you. x2
There is an open door, spattered with blood here.
You see here a club.
You hit the gnoll. You claw the gnoll, but do no damage.
The gnoll is lightly wounded.
The gnoll hits you but does no damage. The gnoll misses you.
The gnoll hits you but does no damage. The gnoll closely misses you.
The gnoll hits you with a spear. The gnoll hits you with a halberd!
You die...

.# #.. #.# #.#
####.#
#####....#
#...#....#
####..g#....###
......g@......#
####...###....#
#### #....#
##....# #>....+
#.....#
..........#
###...#+###
#...


You could see 2 gnolls.

Vanquished Creatures
  A hound (D:4)
  Jessica (D:3)
  A gnoll (D:4)
  3 adders
  2 worms
  A dart slug (D:2)
  2 leopard geckos
  11 orcs
  10 bats
  5 giant cockroaches
  4 goblins
  4 hobgoblins
  10 kobolds
  5 frilled lizards
  5 rats
65 creatures vanquished.

Notes
Turn   | Place    | Note
-------+----------+-------------------------------------------
     0 | D:1      | Felrender the Demonspawn Transmuter began the quest for the
                  | Orb.
     0 | D:1      | Reached XP level 1. HP: 15/15 MP: 3/3
   189 | D:1      | Reached skill level 3 in Unarmed Combat
   189 | D:1      | Gained mutation: You are partially covered in sharp spines.
                  | [demonic ancestry]
   189 | D:1      | Reached XP level 2. HP: 12/21 MP: 5/5
  1016 | D:2      | Gained mutation: You have a pair of small horns on your
                  | head. [demonic ancestry]
  1016 | D:2      | Reached XP level 3. HP: 26/26 MP: 6/6
  1455 | D:3      | Noticed Jessica
  1461 | D:3      | Killed Jessica
  1461 | D:3      | Reached skill level 1 in Axes
  1474 | D:2      | Gained mutation: You are partially covered in slimy green
                  | scales. (AC +2) [demonic ancestry]
  1474 | D:2      | Reached XP level 4. HP: 6/32 MP: 7/7
  2030 | D:3      | Reached skill level 1 in Stealth
  2322 | D:4      | Gained mutation: You are mostly covered in sharp spines.
                  | [demonic ancestry]
  2322 | D:4      | Reached XP level 5. HP: 35/38 MP: 8/8
  2343 | D:4      | Slain by a gnoll

Vault maps used:
D:1:      scummos_arrival_checkerplants
D:2:      first_ration
D:3:      uniq_jessica
D:4:      kennysheep_little_box, serial_shops, kennysheep_mini,
          ebering_ghost_sewer_d

Skill      XL: |  1  2  3  4 |
---------------+-------------+-----
Transmutations | 2 |  2.1
Unarmed Combat | 3 |  3.5
Axes           | 1 |  1.7
Dodging        | 2 |  2.5
Stealth        | 1 |  1.2
Fighting       | 2 |  2.1
Polearms       | |  0.2
Spellcasting   | |  2.2

Action                   |  1- 3 |  4- 6 || total
-------------------------+-------+-------++-------
Melee: Hand axe          |    71 |    18 ||    89
       Unarmed           |     2 |     8 ||    10
       Punch             |     1 |     1 ||     2
       Headbutt          |     4 |    11 ||    15
       Spear             |       |    39 ||    39
       Kick              |       |     6 ||     6
 Cast: Beastly Appendage |     1 |     5 ||     6
  Use: Scroll            |     6 |     1 ||     7
       Potion            |       |     5 ||     5
 Stab: Sleeping          |     1 |     3 ||     4
  Eat: Chunk             |     2 |       ||     2
       Ration            |       |     1 ||     1
Armor: Robe              |    16 |    20 ||    36
Dodge: Dodged            |    59 |    71 ||   130

Table legend:
 A = Non-vault XP
 B = Vault XP
 C = Vault XP percentage of total XP
 D = Non-vault monster count
 E = Vault monster count
 F = Vault count percentage of total count
                 A         B        C        D         E       F
            +---------+---------+-------+---------+---------+-------
      Total |     212 |      37 |  14.9 |      64 |       1 |   1.5
            +---------+---------+-------+---------+---------+-------
        D:1 |      27 |       0 |   0.0 |      16 |       0 |   0.0
        D:2 |      46 |       0 |   0.0 |      15 |       0 |   0.0
        D:3 |      85 |      37 |  30.3 |      31 |       1 |   3.1
        D:4 |      54 |       0 |   0.0 |       2 |       0 |   0.0
            +---------+---------+-------+---------+---------+-------
